TOP OF THE 1ST |
Columbia Fireflies batting - Pitching for Reading Fightin Phils : LHP Brian Wildrick
|
Pitching: LHP Brian Wildrick
|
|
Batting: RHB Zhao-ying Joe
|
0-0: Swinging Strike 0-1: Ball 1-1: Bunt for hit to 13 - play at first, batter OUT! 1-3
|
Batting: LHB Adam Hairston
|
0-0: Ball 1-0: Swinging Strike 1-1: Ball 2-1: Ball 3-1: Base on Balls
|
Batting: SHB Jason Evans
|
0-0: Ball 1-0: Called Strike 1-1: DOUBLE (Line Drive, 9LM, EV 101.9 MPH) Adam Hairston to third Runner from 3rd tries for Home, SAFE, throw by RF to home
|
Batting: RHB Masaya Nakamura
|
0-0: Swinging Strike 0-1: Ball 1-1: Ball 2-1: SINGLE (Groundball, 56D, EV 98.1 MPH) Jason Evans to third Runner from 3rd tries for Home, SAFE, throw by LF to home Masaya Nakamura to second
|
Batting: SHB Justin Wallace
|
0-0: Called Strike 0-1: Ground out 5-3 (Groundball, 5S, EV 76.2 MPH)
|
Batting: RHB Elias Urbina
|
0-0: Called Strike 0-1: Ball 1-1: Called Strike 1-2: Foul Ball, location: 2F 1-2: Strikes out swinging
|
Top of the 1st over - 2 runs, 2 hits, 0 errors, 1 left on base; Columbia 2 - Reading 0 |
TOP OF THE 2ND |
Columbia Fireflies batting - Pitching for Reading Fightin Phils : LHP Brian Wildrick
|
Batting: LHB Jamel Alexander
|
0-0: Ball 1-0: Foul Ball, location: 2F 1-1: Ball 2-1: Ball 3-1: Base on Balls
|
Batting: RHB David Stayton
|
0-0: Fly out, F8 (Flyball, 8LXD, EV 95.6 MPH) Runner from 1st tags up, SAFE at 2nd
|
Batting: RHB Nick Rang
|
0-0: Ball 1-0: Foul Ball, location: 2F 1-1: Ball 2-1: Ball 3-1: Base on Balls
|
Batting: RHB Zhao-ying Joe
|
0-0: Called Strike 0-1: Ball 1-1: Grounds into double play, 6-4-3 (Groundball, 6, EV 81.9 MPH)
|
Top of the 2nd over - 0 runs, 0 hits, 0 errors, 1 left on base; Columbia 2 - Reading 0 |
BOTTOM OF THE 2ND |
Reading Fightin Phils batting - Pitching for Columbia Fireflies : RHP Ryan Stegall
|
Batting: RHB Victor Arroyo
|
0-0: Called Strike 0-1: Foul Ball, location: 2F 0-2: Ball 1-2: Ball 2-2: Ball 3-2: Base on Balls
|
Batting: RHB Kyle Reilly
|
0-0: Ball 1-0: Grounds into double play, 6-4-3 (Groundball, 6, EV 84.4 MPH)
|
Batting: RHB Jake Cox
|
0-0: Swinging Strike 0-1: Ball 1-1: Ground out 4-3 (Groundball, 4S, EV 68.8 MPH)
|
Bottom of the 2nd over - 0 runs, 0 hits, 0 errors, 0 left on base; Columbia 2 - Reading 0 |
TOP OF THE 3RD |
Columbia Fireflies batting - Pitching for Reading Fightin Phils : LHP Brian Wildrick
|
Batting: LHB Adam Hairston
|
0-0: Ball 1-0: Swinging Strike 1-1: Foul Ball, location: 2F 1-2: Ball 2-2: Foul Ball, location: 2F 2-2: Ball 3-2: Base on Balls
|
Batting: SHB Jason Evans
|
0-0: Called Strike Adam Hairston is caught stealing 2nd base 2-4 0-1: DOUBLE (Line Drive, 8LD, EV 97.5 MPH)
|
Batting: RHB Masaya Nakamura
|
0-0: Swinging Strike 0-1: Ball Jason Evans steals 3rd, throwing error, E2 Jason Evans scores 1-1: Ball 2-1: Foul Ball, location: 2F 2-2: Ground out 6-3 (Groundball, 56D, EV 105.6 MPH)
|
Batting: SHB Justin Wallace
|
0-0: Ball 1-0: Swinging Strike 1-1: Ball 2-1: Swinging Strike 2-2: Strikes out looking
|
Top of the 3rd over - 1 run, 1 hit, 1 error, 0 left on base; Columbia 3 - Reading 0 |
BOTTOM OF THE 3RD |
Reading Fightin Phils batting - Pitching for Columbia Fireflies : RHP Ryan Stegall
|
Batting: RHB Bryan Alfaro
|
0-0: Ball 1-0: Ball 2-0: Swinging Strike 2-1: Foul Ball, location: 2F 2-2: Ball 3-2: Base on Balls
|
Batting: RHB Josh Baker
|
0-0: Hit by Pitch Bryan Alfaro to second
|
Batting: RHB Prabhukumar Santhanakrishnan
|
0-0: Called Strike 0-1: Ball 1-1: Ball 2-1: SINGLE (Groundball, 56D, EV 104.4 MPH) Bryan Alfaro to third Josh Baker to second
|
Batting: SHB Detlef Oursler
|
0-0: Ball 1-0: Foul Ball, location: 2F 1-1: DOUBLE (Line Drive, 7LD, EV 101.9 MPH) Bryan Alfaro scores Josh Baker scores Prabhukumar Santhanakrishnan to third
|
Batting: LHB Josh George
|
0-0: Foul Ball, location: 2F 0-1: Ball 1-1: Foul Ball, location: 2F 1-2: Ball 2-2: Strikes out swinging
|
Batting: RHB Abel Surraca
|
0-0: Ball 1-0: Ground out 6-3 (Groundball, 6, EV 103.1 MPH) Prabhukumar Santhanakrishnan scores
|
Batting: RHB Victor Arroyo
|
0-0: Ball 1-0: Foul Ball, location: 2F 1-1: Called Strike 1-2: Foul Ball, location: 2F 1-2: Ball Passed Ball! Detlef Oursler to third 2-2: Ground out 4-3 (Groundball, 4, EV 90.6 MPH)
|
Bottom of the 3rd over - 3 runs, 2 hits, 0 errors, 1 left on base; Columbia 3 - Reading 3 |
TOP OF THE 4TH |
Columbia Fireflies batting - Pitching for Reading Fightin Phils : LHP Brian Wildrick
|
Batting: RHB Elias Urbina
|
0-0: SINGLE (Flyball, 7, EV 96.9 MPH)
|
Batting: LHB Jamel Alexander
|
0-0: Foul Ball, location: 2F 0-1: Called Strike 0-2: Ball 1-2: Ball 2-2: Foul Ball, location: 2F 2-2: Fly out, F4 (Popup, 4S, EV 72.5 MPH)
|
Batting: RHB David Stayton
|
0-0: Called Strike 0-1: Foul Ball, location: 2F 0-2: Ball 1-2: Ground out 5-3 (Groundball, 56S, EV 63.1 MPH) Elias Urbina to second
|
Batting: RHB Nick Rang
|
0-0: Ball 1-0: Ball 2-0: SINGLE (Groundball, 4M, EV 103.8 MPH) (infield hit) Elias Urbina to third
|
Batting: RHB Zhao-ying Joe
|
0-0: Ball 1-0: Foul Ball, location: 2F 1-1: Ball 2-1: Ball 3-1: Called Strike 3-2: Ground out 6-3 (Groundball, 6, EV 93.1 MPH)
|
Top of the 4th over - 0 runs, 2 hits, 0 errors, 2 left on base; Columbia 3 - Reading 3 |
BOTTOM OF THE 4TH |
Reading Fightin Phils batting - Pitching for Columbia Fireflies : RHP Ryan Stegall
|
Batting: RHB Kyle Reilly
|
0-0: Ball 1-0: Ball 2-0: Ground out 4-3 (Groundball, 4, EV 84.4 MPH)
|
Batting: RHB Jake Cox
|
0-0: Fly out, F7 (Flyball, 7, EV 83.1 MPH)
|
Batting: RHB Bryan Alfaro
|
0-0: Ball 1-0: Ground out 5-3 (Groundball, 56, EV 88.8 MPH)
|
Bottom of the 4th over - 0 runs, 0 hits, 0 errors, 0 left on base; Columbia 3 - Reading 3 |
TOP OF THE 5TH |
Columbia Fireflies batting - Pitching for Reading Fightin Phils : LHP Brian Wildrick
|
Pitching: RHP Manny Cordova
|
|
Batting: LHB Adam Hairston
|
0-0: Ball 1-0: Ball 2-0: Ground out 6-3 (Groundball, 6, EV 86.9 MPH)
|
Batting: SHB Jason Evans
|
0-0: Ball 1-0: Ground out U3 (Groundball, 3, EV 86.2 MPH)
|
Batting: RHB Masaya Nakamura
|
0-0: Ball 1-0: Foul Ball, location: 2F 1-1: Ground out U3 (Groundball, 3L, EV 80.6 MPH)
|
Top of the 5th over - 0 runs, 0 hits, 0 errors, 0 left on base; Columbia 3 - Reading 3 |
BOTTOM OF THE 5TH |
Reading Fightin Phils batting - Pitching for Columbia Fireflies : RHP Ryan Stegall
|
Batting: RHB Josh Baker
|
0-0: Called Strike 0-1: Ball 1-1: Ball 2-1: Ball 3-1: Base on Balls
|
Batting: RHB Prabhukumar Santhanakrishnan
|
0-0: Ball 1-0: Ball 2-0: Called Strike 2-1: Ball 3-1: Base on Balls Josh Baker to second
|
Batting: SHB Detlef Oursler
|
0-0: SINGLE (Groundball, 3L, EV 100.0 MPH) Josh Baker to third Prabhukumar Santhanakrishnan to second
|
Batting: LHB Josh George
|
0-0: Ball 1-0: Ball 2-0: Ball 3-0: Called Strike 3-1: Base on Balls Josh Baker scores Prabhukumar Santhanakrishnan to third Detlef Oursler to second
|
Batting: RHB Abel Surraca
|
0-0: Called Strike 0-1: Ball 1-1: Ball 2-1: Ball 3-1: Base on Balls Prabhukumar Santhanakrishnan scores Detlef Oursler to third Josh George to second
|
Pitching: RHP Brad Brown
|
|
Batting: RHB Victor Arroyo
|
0-0: Foul Ball, location: 2F 0-1: Called Strike 0-2: Ball 1-2: Foul Ball, location: 2F 1-2: Strikes out swinging
|
Batting: RHB Kyle Reilly
|
0-0: Ball 1-0: Called Strike 1-1: Hit by Pitch Detlef Oursler scores Josh George to third Abel Surraca to second
|
Batting: RHB Jake Cox
|
0-0: Called Strike 0-1: Ball 1-1: Foul Ball, location: 2F 1-2: Grounds into fielders choice 5-2 (Groundball, 56S, EV 63.1 MPH) Abel Surraca to third Kyle Reilly to second
|
Batting: RHB Bryan Alfaro
|
0-0: Fielders Choice at 2nd, 5-4 (Groundball, 5, EV 83.8 MPH)
|
Bottom of the 5th over - 3 runs, 1 hit, 0 errors, 3 left on base; Columbia 3 - Reading 6 |
TOP OF THE 6TH |
Columbia Fireflies batting - Pitching for Reading Fightin Phils : RHP Manny Cordova
|
Batting: SHB Justin Wallace
|
0-0: Ball 1-0: Ball 2-0: Called Strike 2-1: Ball 3-1: Base on Balls
|
Batting: RHB Elias Urbina
|
0-0: Ball Wild Pitch! Justin Wallace to second 1-0: Ball 2-0: Ball 3-0: Base on Balls
|
Batting: LHB Jamel Alexander
|
0-0: SINGLE (Groundball, 34S, EV 70.6 MPH) (infield hit) Justin Wallace to third Elias Urbina to second
|
Batting: RHB David Stayton
|
0-0: Ball 1-0: Ball 2-0: Swinging Strike 2-1: Ball 3-1: Foul Ball, location: 2F 3-2: Base on Balls Justin Wallace scores Elias Urbina to third Jamel Alexander to second
|
Batting: RHB Nick Rang
|
0-0: Called Strike 0-1: Called Strike 0-2: Foul Ball, location: 2F 0-2: Ball 1-2: Strikes out swinging
|
Batting: RHB Zhao-ying Joe
|
0-0: Swinging Strike 0-1: Ball 1-1: DOUBLE (Line Drive, 9LM, EV 108.1 MPH) Elias Urbina scores Jamel Alexander scores David Stayton to third Runner from 3rd tries for Home, SAFE, throw by RF to home
|
Pitching: LHP Hiroshi Mukae
|
|
Batting: LHB Adam Hairston
|
0-0: Called Strike 0-1: Ball 1-1: Ball 2-1: Swinging Strike 2-2: Foul Ball, location: 2F 2-2: Ground out 4-3 (Groundball, 34D, EV 103.1 MPH) Zhao-ying Joe to third
|
Batting: SHB Jason Evans
|
0-0: Ground out 6-3 (Groundball, 6, EV 81.2 MPH)
|
Top of the 6th over - 4 runs, 2 hits, 0 errors, 1 left on base; Columbia 7 - Reading 6 |
BOTTOM OF THE 6TH |
Reading Fightin Phils batting - Pitching for Columbia Fireflies : RHP Brad Brown
|
Batting: RHB Josh Baker
|
0-0: Ball 1-0: Ball 2-0: Called Strike 2-1: Ball 3-1: Base on Balls
|
Batting: RHB Prabhukumar Santhanakrishnan
|
0-0: Swinging Strike 0-1: Ball 1-1: Ball 2-1: Ball 3-1: Base on Balls Josh Baker to second
|
Batting: SHB Detlef Oursler
|
0-0: Ball 1-0: Called Strike 1-1: Foul Ball, location: 2F 1-2: Ball 2-2: Strikes out swinging
|
Batting: LHB Josh George
|
0-0: Called Strike 0-1: Ball 1-1: Fly out, F7 (Line Drive, 7LM, EV 88.1 MPH)
|
Batting: RHB Abel Surraca
|
0-0: Called Strike 0-1: Ball 1-1: Ball 2-1: Ball 3-1: Foul Ball, location: 2F 3-2: Base on Balls Josh Baker to third Prabhukumar Santhanakrishnan to second
|
Batting: RHB Victor Arroyo
|
0-0: Ball 1-0: Ball 2-0: Called Strike 2-1: Ground out 6-3 (Groundball, 6M, EV 79.4 MPH)
|
Bottom of the 6th over - 0 runs, 0 hits, 0 errors, 3 left on base; Columbia 7 - Reading 6 |
TOP OF THE 7TH |
Columbia Fireflies batting - Pitching for Reading Fightin Phils : LHP Hiroshi Mukae
|
Batting: RHB Masaya Nakamura
|
0-0: Ball 1-0: Called Strike 1-1: Foul Ball, location: 2F 1-2: Foul Ball, location: 2F 1-2: Ground out 6-3 (Groundball, 6, EV 83.1 MPH)
|
Batting: SHB Justin Wallace
|
0-0: Ball 1-0: Ball 2-0: Ball 3-0: Called Strike 3-1: Base on Balls
|
Batting: RHB Elias Urbina
|
0-0: Called Strike 0-1: Ball 1-1: Ball 2-1: Foul Ball, location: 2F 2-2: Ball 3-2: Strikes out swinging
|
Batting: LHB Jamel Alexander
|
0-0: Ground out U3 (Groundball, 3S, EV 85.0 MPH)
|
Top of the 7th over - 0 runs, 0 hits, 0 errors, 1 left on base; Columbia 7 - Reading 6 |
BOTTOM OF THE 7TH |
Reading Fightin Phils batting - Pitching for Columbia Fireflies : RHP Brad Brown
|
Pitching: RHP Geoff McDaniel
|
|
Batting: RHB Kyle Reilly
|
0-0: Ball 1-0: Called Strike 1-1: Ball 2-1: Ball 3-1: Base on Balls
|
Batting: RHB Jake Cox
|
0-0: Sac Bunt to 15S - play at first, batter OUT! 1-3 Kyle Reilly to second
|
Batting: RHB Bryan Alfaro
|
0-0: Hit by Pitch
|
Batting: RHB Josh Baker
|
0-0: Ball 1-0: Called Strike 1-1: Swinging Strike 1-2: Foul Ball, location: 2F 1-2: Ball 2-2: Ball 3-2: Base on Balls Kyle Reilly to third Bryan Alfaro to second
|
Batting: RHB Prabhukumar Santhanakrishnan
|
0-0: Called Strike 0-1: Foul Ball, location: 2F 0-2: Grounds into fielders choice 6-2 (Groundball, 6S, EV 66.9 MPH) Bryan Alfaro to third Josh Baker to second
|
Batting: SHB Detlef Oursler
|
0-0: Ball 1-0: Foul Ball, location: 2F 1-1: Ball 2-1: Ball 3-1: Swinging Strike 3-2: Strikes out swinging
|
Bottom of the 7th over - 0 runs, 0 hits, 0 errors, 3 left on base; Columbia 7 - Reading 6 |
TOP OF THE 8TH |
Columbia Fireflies batting - Pitching for Reading Fightin Phils : LHP Hiroshi Mukae
|
Pitching: RHP Pat Richardson
|
|
Batting: RHB David Stayton
|
0-0: Ground out 4-3 (Groundball, 4, EV 78.1 MPH)
|
Batting: RHB Nick Rang
|
0-0: Called Strike 0-1: Ground out 6-3 (Groundball, 6, EV 82.5 MPH)
|
Batting: RHB Zhao-ying Joe
|
0-0: Ball 1-0: Foul Ball, location: 2F 1-1: Swinging Strike 1-2: Strikes out swinging
|
Top of the 8th over - 0 runs, 0 hits, 0 errors, 0 left on base; Columbia 7 - Reading 6 |
BOTTOM OF THE 8TH |
Reading Fightin Phils batting - Pitching for Columbia Fireflies : RHP Geoff McDaniel
|
Batting: LHB Josh George
|
0-0: Ball 1-0: Swinging Strike 1-1: Called Strike 1-2: Ball 2-2: SINGLE (Groundball, 4M, EV 107.5 MPH) (infield hit)
|
Batting: RHB Abel Surraca
|
0-0: Swinging Strike 0-1: Called Strike 0-2: Ball 1-2: Single, Error in OF, E7, batter to second base (Groundball, 56D, EV 100.6 MPH) Josh George to third
|
Batting: RHB Victor Arroyo
|
0-0: Ball 1-0: Ball 2-0: Ball 3-0: Called Strike 3-1: Base on Balls
|
Batting: RHB Kyle Reilly
|
0-0: Grounds into double play, 4-2-3 (Groundball, 4, EV 109.4 MPH) Abel Surraca to third Victor Arroyo to second
|
Batting: RHB Jake Cox
|
0-0: Ball 1-0: Called Strike 1-1: Called Strike 1-2: Foul Ball, location: 2F 1-2: Strikes out swinging
|
Bottom of the 8th over - 0 runs, 2 hits, 1 error, 2 left on base; Columbia 7 - Reading 6 |
TOP OF THE 9TH |
Columbia Fireflies batting - Pitching for Reading Fightin Phils : RHP Pat Richardson
|
Batting: LHB Adam Hairston
|
0-0: Foul Ball, location: 2F 0-1: Ball 1-1: Ball 2-1: Ball 3-1: Called Strike 3-2: Foul Ball, location: 2F 3-2: Ground out 6-3 (Groundball, 56, EV 103.1 MPH)
|
Batting: SHB Jason Evans
|
0-0: Ball 1-0: Called Strike 1-1: Foul Ball, location: 2F 1-2: Ground out 4-3 (Groundball, 4, EV 81.9 MPH)
|
Batting: RHB Masaya Nakamura
|
0-0: Foul Ball, location: 2F 0-1: Ball 1-1: Reached on error, E2 (Groundball, 2L, EV 66.9 MPH)
|
Batting: SHB Justin Wallace
|
0-0: Ball 1-0: Ball 2-0: Foul Ball, location: 2F 2-1: Swinging Strike 2-2: Ball 3-2: DOUBLE (Line Drive, 7LS, EV 99.4 MPH) Masaya Nakamura scores
|
Batting: RHB Elias Urbina
|
0-0: Called Strike 0-1: Ball 1-1: Swinging Strike 1-2: Ground out 5-3 (Groundball, 15, EV 85.6 MPH)
|
Top of the 9th over - 1 run, 1 hit, 1 error, 1 left on base; Columbia 8 - Reading 6 |
BOTTOM OF THE 9TH |
Reading Fightin Phils batting - Pitching for Columbia Fireflies : RHP Geoff McDaniel
|
Pitching: LHP Ken Dewey
|
|
Batting: RHB Bryan Alfaro
|
0-0: Swinging Strike 0-1: Swinging Strike 0-2: Fly out, F9 (Flyball, 9S, EV 85.6 MPH)
|
Batting: RHB Josh Baker
|
0-0: Foul Ball, location: 2F 0-1: Ball 1-1: Foul Ball, location: 2F 1-2: Ground out 6-3 (Groundball, 6, EV 87.5 MPH)
|
Batting: RHB Prabhukumar Santhanakrishnan
|
0-0: Called Strike 0-1: Foul Ball, location: 2F 0-2: Ball 1-2: SINGLE (Line Drive, 6MD, EV 94.4 MPH)
|
Batting: SHB Detlef Oursler
|
0-0: Ball 1-0: Ball 2-0: Fly out, F9 (Flyball, 9, EV 80.0 MPH)
|
Bottom of the 9th over - 0 runs, 1 hit, 0 errors, 1 left on base; Columbia 8 - Reading 6 |
|